 Dungeon Crawl Stone Soup version 0.30-b1-2-g02819fbbbe (webtiles) character file.

Game seed: 3114744002519814148

30 Stormleaks the Vexing (level 3, 0/20 HPs)
             Began as a Kobold Hexslinger on Jan 5, 2024.
             Slain by an orc wizard
             ... wielding a +0 dagger
              (2 damage)
             ... on level 3 of the Dungeon.
             The game lasted 00:07:42 (1288 turns).

Stormleaks the Vexing (Kobold Hexslinger)           Turns: 1288, Time: 00:07:43

Health: 0/20       AC:  6    Str:  7    XL:     3   Next: 35%
Magic:  5/5        EV: 15    Int: 14    God:
Gold:   66         SH:  0    Dex: 17    Spells: 4/5 levels left

rFire   . . .        a - +1 sling
rCold   . . .        (no shield)
rNeg    . . .        c - +0 robe
rPois   .            (no helmet)
rElec   .            (no cloak)
rCorr   .            (no gloves)
SInv    .            (no boots)
Will    .....        (no amulet)
Stlth   +++          g - +4 ring of protection
HPRegen 0.23/turn    (no ring)
MPRegen 0.09/turn

%: no passive effects
@: brilliant
A: small, no large weapons, nightstalker 3
a: no special abilities


You were on level 3 of the Dungeon.
You visited 1 branch of the dungeon, and saw 4 of its levels.

You collected 66 gold pieces.

Inventory:

Hand Weapons
 a - a +1 sling (weapon)
Missiles
 f - 15 stones (quivered)
Armour
 c - a +0 robe (worn)
Jewellery
 g - a +4 ring of protection (left hand)
Wands
 k - a wand of digging (6)
Scrolls
 b - a scroll of poison
 i - a scroll of magic mapping
Potions
 e - a potion of lignification {unknown}


   Skills:
 + Level 1.2 Fighting
 + Level 3.2 Ranged Weapons
 + Level 0.1 Throwing
 + Level 2.7 Dodging
 + Level 0.8 Stealth
 + Level 1.7 Spellcasting
 + Level 3.3 Hexes


You had 4 spell levels left.
You knew the following spells:

 Your Spells              Type           Power      Damage    Failure   Level
a - Slow                  Hex            60%        N/A       6%          1

Your spell library contained the following spells:

 Spells                   Type           Power      Damage    Failure   Level
 Necrotise                Necr           4%         1d4       24%         1
 Inner Flame              Hex/Fire       8%         N/A       36%         3
 Portal Projectile        Hex/Tloc       16%        N/A       36%         3
 Cause Fear               Hex            7%         N/A       52%         4
 Vampiric Draining        Necr           1%         2d6       58%         3
 Agony                    Necr           1%         N/A       100%        5


Dungeon Overview and Level Annotations

Branches:
Dungeon (4/15)
 Temple: D:4-7

Altars:


Innate Abilities, Weirdness & Mutations

You are small and have problems with some larger weapons.
You are completely attuned to the shadows.


Message History

Deactivating autopickup; reactivate with Ctrl-A.
You start resting.
You hear some strange, mumbled words.
A puff of flame appears from out of thin air!
The puff of flame hits you.
* * * LOW HITPOINT WARNING * * *
As you read the scroll labelled QUCAEJINKE, it crumbles to dust.
You hear a loud clanging noise!
It was a scroll of noise.
You hear a shout! x6; You hear a bark! x2; You hear a shout! x2
You hear a bark!
Something hits you but does no damage. Something hits you but does no damage.
You hear some strange, mumbled words.
A puff of flame appears from out of thin air!
The puff of flame misses you.
As you read the scroll labelled HEOPRI GOTIE, it crumbles to dust.
You feel aware of your surroundings.
You sensed 2 altars.
It was a scroll of magic mapping.
As you read the scroll labelled LEROR QAUCSYNO, it crumbles to dust.
The scroll dissolves into smoke.
It was a scroll of fog.
Something hits you but does no damage. Something hits you but does no damage.
You hear some strange, mumbled words.
Something tries to affect you, but you resist.
Something hits you but does no damage.
There is a stone staircase leading up here.
You can't go down here!
An orc wizard appears from thin air!
Reactivating autopickup.
The orc wizard hits you with a +0 dagger.
* * * LOW HITPOINT WARNING * * *
You climb upwards.
There is a stone staircase leading down, spattered with blood here.
The orc wizard attacks as you move away!
The orc wizard completely misses you.
It was a potion of brilliance.
You feel clever all of a sudden.
The orc wizard hits you with a +0 dagger.
You die...

###.#.#
..... ...
#.# #o#
###@####
.####.......
......#.####
###.##.#
#.##.#
#.##.#
.###)##.#
........#
........#


You could see an orc wizard.

Vanquished Creatures
  An adder (D:2)
  A dart slug (D:3)
  3 endoplasms (D:2)
  A giant cockroach (D:1)
  3 goblins
  A hobgoblin (D:1)
  3 ball pythons
  2 bats
  A frilled lizard (D:1)
  3 rats
19 creatures vanquished.

Vanquished Creatures (others)
  2 withered plants (D:2)
2 creatures vanquished.

Grand Total: 21 creatures vanquished

Notes
Turn   | Place    | Note
-------+----------+-------------------------------------------
     0 | D:1      | Stormleaks the Kobold Hexslinger began the quest for the
                  | Orb.
     0 | D:1      | Reached XP level 1. HP: 12/12 MP: 2/2
   419 | D:1      | Reached XP level 2. HP: 9/16 MP: 3/3
   620 | D:2      | Reached XP level 3. HP: 19/20 MP: 5/5
   692 | D:2      | Found a faded altar of an unknown god.
  1285 | D:4      | HP: 1/20 [orc wizard/+0 dagger (3)]
  1288 | D:3      | Slain by an orc wizard

Illustrated notes

Levels and vault maps discovered:
D:1:      dpeg_arrival_circle_labyrinth_a, layout_basic
D:2:      minmay_evil_eye, layout_rooms, shapermc_ecumenical_altar_flowoftime
D:3:      layout_loops_ring, uniq_robin, uniq_crazy_yiuf_cottage
D:4:      layout_gridville, trog_wizard,
          nicolae_gozag_cash_rules_everything_around_me

Skill      XL: |  1  2 |
---------------+-------+-----
Ranged Weapons | 3 |  3.2
Fighting       | |  1.2
Throwing       | |  0.1
Dodging        | |  2.7
Stealth        | |  0.8
Spellcasting   | |  1.7
Hexes          | |  3.3

Action                     || total
---------------------------++-------
  Melee: Sling             ||     2
   Fire: Sling             ||    50
  Throw: Stone             ||     4
   Cast: Slow              ||     3
    Use: Scroll            ||     3
         Potion            ||     1
 Armour: Robe              ||    14
  Dodge: Dodged            ||    37
